 Dungeon Crawl Stone Soup version 0.31.0-4-g52a2dc7128 (webtiles) character file.

Game seed: 2750174876936958355

51655 Leszczynek the Grappler (level 14, 35/143 HPs)
             Began as a Troll Enchanter on Jan 23, 2024.
             Was an Elder of Ru.
             Quit the game on level 5 of the Lair of Beasts.
             The game lasted 01:00:00 (15655 turns).

Leszczynek the Grappler (Troll Enchanter)          Turns: 15655, Time: 01:00:01

Health: 35/143     AC:  9    Str: 21    XL:     14   Next: 24%
Magic:  9/14       EV: 13    Int: 11    God:    Ru [****..]
Gold:   659        SH: 12    Dex: 18    Spells: 15/15 levels left

rFire   . .          .
                       - Unarmed
rCold   . . .        M - +0 kite shield
rNeg    . . .        D - +0 acid dragon scales
rPois   .            (helmet restricted)
rElec   .            G - +0 cloak
rCorr   +            (gloves unavailable)
SInv    .            (boots unavailable)
Will    ++...        (no amulet)
Stlth   ++           u - +6 ring of dexterity
HPRegen 1.23/turn    a - ring of willpower
MPRegen 0.14/turn

%: no passive effects
@: exhausted
A: large, unfitting armour, claws 3, regeneration 1, screaming 1, shaggy fur 1,
tough skin 1, inability to use devices, no air magic, no hexes magic, no
necromancy magic, no forms
a: Renounce Religion, Draw Out Power, Power Leap


You were on level 5 of the Lair of Beasts.
You worshipped Ru.
Ru was greatly pleased with you.
You visited 3 branches of the dungeon, and saw 17 of its levels.

You collected 879 gold pieces.
You spent 220 gold pieces at shops.

Inventory:

Missiles
 e - 11 boomerangs (quivered)
 q - 9 darts of dispersal
 x - 3 large rocks
 A - 41 poisoned darts
 F - 4 curare-tipped darts
 J - 4 throwing nets
Armour
 D - +0 acid dragon scales (worn)
 G - a +0 cloak (worn)
 M - a +0 kite shield (worn)
Jewellery
 a - a ring of willpower (right claw)
 d - a ring of willpower
 u - a +6 ring of dexterity (left claw)
 L - a ring of see invisible
Wands
 s - a wand of flame (41)
 w - a wand of paralysis (11)
 I - a wand of mindburst (21)
Scrolls
 g - a scroll of vulnerability {!r}
 h - 2 scrolls of poison
 i - 3 scrolls of noise {!r}
 j - 5 scrolls of teleportation
 l - 2 scrolls of enchant armour
 m - 4 scrolls of revelation
 o - 2 scrolls of fog
 C - 2 scrolls of immolation {!r}
Potions
 b - a potion of ambrosia {unknown}
 c - a potion of invisibility
 k - a potion of heal wounds {@q2}
 n - 8 potions of curing {@q1}
 r - 2 potions of enlightenment {unknown}
 v - 2 potions of magic {unknown}
 z - a potion of berserk rage {unknown}
 B - 6 potions of attraction
 H - 2 potions of haste
 K - a potion of mutation {unknown}
Miscellaneous
 t - a sack of spiders


   Skills:
 - Level 10.1 Fighting
 - Level 0.7 Short Blades
 - Level 10.0 Throwing
 * Level 8.8 Dodging
 - Level 1.5 Stealth
 - Level 9.6 Shields
 - Level 13.3 Unarmed Combat
 - Level 1.2 Spellcasting


You had 15 spell levels left.
You didn't know any spells.
Your spell library contained the following spells:

 Spells                   Type           Power      Damage    Failure   Level
 Blink                    Tloc           0%         N/A       75%         2
 Lesser Beckoning         Tloc           0%         N/A       75%         2
 Momentum Strike          Conj/Tloc      0%         3d8       75%         2
 Gell's Gravitas          Tloc           0%         N/A       93%         3
 Teleport Other           Tloc           0%         N/A       93%         3
 Ignite Poison            Fire/Alch      0%         N/A       100%        4
 Sticky Flame             Fire/Alch      0%         2d4       100%        4
 Ignition                 Fire           0%         3d3       100%        8
 Ensorcelled Hibernation  Hex/Ice        Unusable   N/A       N/A         2
 Confusing Touch          Hex            Unusable   N/A       N/A         3
 Dazzling Flash           Conj/Hex       Unusable   N/A       N/A         3
 Tukima's Dance           Hex            Unusable   N/A       N/A         3

Dungeon Overview and Level Annotations

Branches:
Dungeon (11/15)            Temple (1/1) D:5            Lair (5/5) D:10
 Shoals (0/4) Lair:2       Spider (0/4) Lair:2          Orc (0/2) D:9
  Slime: Lair:4-5

Altars:
Ashenzari
Cheibriados
Dithmenos
Elyvilon
Fedhas
Gozag
Hepliaklqana
Kikubaaqudgha
Makhleb
Nemelex Xobeh
Okawaru
Qazlal
Ru
Sif Muna
Trog
Uskayaw
Vehumet
Wu Jian
Xom
Yredelemnul
Zin
The Shining One

Shops:
D:4 :!   D:5 (


Innate Abilities, Weirdness & Mutations

You are too large for most types of armour.
You have claws for hands.
Your natural rate of healing is unusually fast.
You occasionally shout uncontrollably at your foes.
You are covered in fur. (AC +1)
You have tough skin. (AC +1)
You cannot study or use magical devices.
You cannot study or cast Air magic.
You cannot study or cast Hexes magic.
You cannot study or cast Necromancy magic.
You cannot voluntarily change form.


Message History

The blast of flame hits you!!
There is a stone staircase leading up, spattered with blood here.
Unknown command.
Okay, then.
Okay, then.
Okay, then.
Okay, then.
Aiming: Power Leap
Press: ? - help, Dir - move target The blink frog blinks!
The jelly attacks as it pursues you! You block the jelly's attack.
You scratch the jelly but do no damage.
Your claws burn!
The jelly is lightly wounded.
You block the jelly's attack.
As you read the scroll of teleportation, it crumbles to dust.
You feel strangely unstable.
The blink frog blinks!
The lindwurm bites you but does no damage.
The lindwurm claws you. The lindwurm closely misses you.
The six-headed hydra bites you.
You block the six-headed hydra's attack.
The six-headed hydra bites you but does no damage.
You block the six-headed hydra's attack.
The six-headed hydra bites you! x2
Your surroundings suddenly seem different. 3 jellies and a cane toad come into view.
You yell at the jelly!
The cane toad croaks.
The yak bellows!
You hear a trumpeting!
The death yak bellows!
You hear an angry hiss.
The death yak bellows!
The jelly quivers.
You hear an angry hiss.
You hear a croak.
You hear a bellow! x2
The cane toad stings you!!
* * * LOW HITPOINT WARNING * * *
The cane toad stings you but does no damage.
A jelly comes into view.
The jelly jiggles.
Unknown command.
Enter note: really?
Enter note: fuck you
Enter note: i'm not playing this game anymore Are you sure you want to abandon this character and quit the game? (Confirm with "yes".)

........P #...††.#####.l
#.......# #......# #......##
#......# ###......P# #P.#...#
.#.........## ##...#####
.........JDk# #..#.....#
...........#####.J......#
.......<..####...#......##
####.../...#.@Y.#........#
#......).FF....l##...P##
#............FY.#######
.................Y...##### ###
.##.........?.(......F.†.###..
..........?..Y...JJ..Y÷<.....
##............J...........^...
...#......###......##....#.)#.
...#......##!###############.#


You could see 3 death yaks, a yak, 2 cane toads, a basilisk, a blink frog and 4
jellies.

Vanquished Creatures
  5 hydras
  A centaur warrior (D:8)
  2 two-headed ogres
  5 death yaks
  Sonja (D:10)
  A skyshark (Lair:5)
  A necromancer (D:9)
  Pikel (D:7)
  A lindwurm (Lair:2)
  Maurice (D:8)
  A meliai (Lair:2)
  28 elephants
  A water nymph (Lair:2)
  2 torpor snails (Lair:3)
  5 black mambas
  12 cane toads
  Maggie (D:6)
  Jeremiah (D:8)
  5 rime drakes
  2 kobold demonologists
  2 gargoyles
  10 komodo dragons
  5 trolls
  2 polar bears (Lair:3)
  A hornet (Lair:1)
  7 blink frogs
  A wraith (D:11)
  2 shadows
  2 wyverns
  50 yaks
  Grum (D:9)
  2 basilisks
  2 acid dragons
  19 water moccasins
  6 black bears
  3 orc warriors (D:8)
  3 ice beasts
  4 ogres
  A centaur (D:10)
  18 wolves
  2 phantoms
  A lemure (D:6)
  5 kobold brigands
  2 gnoll sergeants
  12 bullfrogs
  2 scorpions (D:5)
  A wight (D:8)
  12 killer bees
  2 electric eels (D:10)
  6 howler monkeys
  6 bombardier beetles
  7 jellies
  9 hounds
  A gnoll bouda (D:8)
  10 orc priests
  Crazy Yiuf (D:7)
  An iguana (D:5)
  3 sleepcaps
  A hell rat (Lair:5)
  12 orc wizards
  2 polar bear simulacra (D:9)
  3 wolf simulacra (D:9)
  4 yak simulacra (D:9)
  8 adders
  9 gnolls
  A shadow imp (D:4)
  2 white imps (D:4)
  8 ufetubi
  6 ribbon worms
  A dart slug (D:1)
  47 orcs
  8 bats
  13 endoplasms
  A giant cockroach (D:1)
  9 goblins
  9 hobgoblins
  3 jackals (D:4)
  5 quokkas
  9 ball pythons
  5 frilled lizards
  32 kobolds
  8 rats
  2 river rat simulacra (D:9)
509 creatures vanquished.

Vanquished Creatures (others)
  A cane toad (Lair:3)
1 creature vanquished.

Grand Total: 510 creatures vanquished

Notes
Turn   | Place    | Note
-------+----------+-------------------------------------------
     0 | D:1      | Leszczynek the Troll Enchanter began the quest for the Orb.
     0 | D:1      | Reached XP level 1. HP: 16/16 MP: 1/1
    27 | D:1      | Found a faded altar of an unknown god.
   120 | D:1      | Reached skill level 1 in Unarmed Combat
   166 | D:1      | Reached XP level 2. HP: 25/26 MP: 2/2
   353 | D:1      | Reached skill level 1 in Fighting
   353 | D:1      | Reached skill level 2 in Unarmed Combat
   405 | D:1      | Reached XP level 3. HP: 25/33 MP: 3/3
  1286 | D:2      | Reached skill level 3 in Unarmed Combat
  1286 | D:2      | Reached XP level 4. HP: 36/41 MP: 4/4
  1568 | D:3      | Reached skill level 2 in Fighting
  1809 | D:3      | Reached XP level 5. HP: 45/49 MP: 5/5
  2006 | D:3      | Reached skill level 4 in Unarmed Combat
  2367 | D:4      | Found Poclyiku's Self-Published Books.
  2566 | D:4      | Reached XP level 6. HP: 35/59 MP: 6/6
  2641 | D:4      | Found Esuobass's Distillery.
  2732 | D:4      | Reached skill level 5 in Unarmed Combat
  2873 | D:4      | Reached skill level 3 in Fighting
  3061 | D:4      | Found a broken altar of Ashenzari.
  3286 | D:4      | Reached skill level 2 in Dodging
  3325 | D:4      | Reached XP level 7. HP: 44/67 MP: 7/7
  3359 | D:4      | Reached skill level 6 in Unarmed Combat
  3410 | D:5      | Entered Level 5 of the Dungeon
  3426 | D:5      | Found a staircase to the Ecumenical Temple.
  3442 | Temple   | Entered the Ecumenical Temple
  3448 | Temple   | Became a worshipper of Ru the Awakened
  3488 | D:5      | Found Wius's Weapon Boutique.
  3834 | D:5      | Reached skill level 7 in Unarmed Combat
  3934 | D:5      | Reached XP level 8. HP: 55/78 MP: 8/8
  4054 | D:5      | Found an opulent altar of Gozag.
  4149 | D:5      | Reached skill level 4 in Fighting
  4503 | D:5      | Reached skill level 8 in Unarmed Combat
  4781 | D:6      | Gained mutation: You occasionally shout uncontrollably at
                  | your foes. [Ru sacrifice]
  5256 | D:7      | Noticed a kobold demonologist
  5257 | D:7      | Noticed Maggie
  5258 | D:7      | Noticed an ice devil
  5264 | D:6      | Reached skill level 9 in Unarmed Combat
  5298 | D:7      | Noticed Pikel
  5339 | D:6      | Killed Maggie
  5340 | D:6      | Reached skill level 5 in Fighting
  5340 | D:6      | Reached XP level 9. HP: 40/88 MP: 9/9
  5454 | D:6      | Killed a kobold demonologist
  5513 | D:6      | Reached skill level 10 in Unarmed Combat
  5608 | D:6      | Reached skill level 3 in Dodging
  5623 | D:7      | Killed Pikel
  5624 | D:7      | Reached skill level 6 in Fighting
  5624 | D:7      | Reached skill level 4 in Dodging
  6003 | D:7      | Found a runed translucent door.
  6004 | D:7      | Noticed Crazy Yiuf
  6090 | D:7      | Killed Crazy Yiuf
  6275 | D:4      | Bought 2 potions of haste for 220 gold pieces
  6360 | D:8      | Noticed Jeremiah
  6402 | D:8      | Killed Jeremiah
  6403 | D:8      | Reached skill level 1 in Throwing
  6568 | D:8      | Found a sparkling altar of Nemelex Xobeh.
  6639 | D:8      | Noticed Maurice
  6645 | D:8      | Maurice stole a +5 flail of protection
  6646 | D:8      | Maurice stole a curare-tipped dart
  6648 | D:8      | Maurice stole 126 gold
  6653 | D:8      | Killed Maurice
  6654 | D:8      | Reached skill level 7 in Fighting
  6654 | D:8      | Reached XP level 10. HP: 89/102 MP: 5/10
  6709 | D:8      | Reached skill level 2 in Throwing
  6765 | D:8      | Gained mutation: You cannot study or cast Air magic. [Ru
                  | sacrifice]
  6765 | D:8      | Gained mutation: You cannot study or cast Hexes magic. [Ru
                  | sacrifice]
  6765 | D:8      | Gained mutation: You cannot study or cast Necromancy magic.
                  | [Ru sacrifice]
  6765 | D:8      | Reduced skill Hexes to level 0
  6765 | D:8      | Reached * piety under Ru
  7043 | D:8      | Reached skill level 3 in Throwing
  7093 | D:8      | Noticed a centaur warrior
  7094 | D:8      | Noticed a five-headed hydra
  7094 | D:8      | hm
  7094 | D:8      | the hydra is a problem
  7094 | D:8      | i'm not equipped for fighting one yet
  7144 | D:8      | oh but i can !ligni
  7180 | D:8      | Reached skill level 4 in Throwing
  7249 | D:8      | Killed a five-headed hydra
  7250 | D:8      | Reached skill level 11 in Unarmed Combat
  7344 | D:8      | owww
  7542 | D:8      | Killed a centaur warrior
  7543 | D:8      | Reached skill level 5 in Throwing
  7746 | D:9      | Reached skill level 8 in Fighting
  7781 | D:9      | Noticed a gargoyle
  7805 | D:9      | Killed a gargoyle
  7806 | D:9      | Reached XP level 11. HP: 43/111 MP: 11/11
  7806 | D:9      | ouch
  7941 | D:9      | Noticed a necromancer
  7958 | D:9      | Reached skill level 6 in Throwing
  7978 | D:9      | Killed a necromancer
  8196 | D:9      | Noticed Grum
  8236 | D:9      | Killed Grum
  8445 | D:9      | Found a staircase to the Orcish Mines.
  8812 | D:9      | Found a blossoming altar of Fedhas.
  8817 | D:9      | Found a shadowy altar of Dithmenos.
  8843 | D:10     | Entered Level 10 of the Dungeon
  9081 | D:10     | Found a staircase to the Lair.
  9087 | D:10     | Noticed Sonja
  9099 | D:10     | Killed Sonja
  9100 | D:10     | Reached skill level 1 in Shields
  9113 | D:10     | Noticed a two-headed ogre
  9131 | D:10     | Killed a two-headed ogre
  9132 | D:10     | Reached skill level 7 in Throwing
  9132 | D:10     | Reached skill level 2 in Shields
  9132 | D:10     | Reached skill level 12 in Unarmed Combat
  9201 | D:10     | Reached skill level 3 in Shields
  9797 | D:11     | Reached skill level 4 in Shields
  9940 | D:11     | Noticed a two-headed ogre
  9949 | D:11     | Killed a two-headed ogre
  9950 | D:11     | Reached skill level 9 in Fighting
 10133 | Lair:1   | Entered Level 1 of the Lair of Beasts
 10163 | Lair:1   | Reached skill level 5 in Shields
 10166 | Lair:1   | Reached XP level 12. HP: 66/123 MP: 12/12
 10357 | Lair:1   | Reached skill level 8 in Throwing
 10485 | Lair:1   | Reached skill level 6 in Shields
 10714 | Lair:1   | Reached skill level 7 in Shields
 11373 | Lair:1   | Reached skill level 8 in Shields
 11467 | Lair:2   | Reached skill level 10 in Fighting
 11627 | Lair:2   | Found a hole to the Spider Nest.
 11750 | Lair:2   | Noticed a six-headed hydra
 11842 | Lair:2   | Killed a six-headed hydra
 11843 | Lair:2   | Reached XP level 13. HP: 116/133 MP: 13/13
 11896 | Lair:2   | Found a dark tunnel.
 12101 | Lair:2   | Paralysed by a hornet for 2 turns
 12281 | Lair:1   | can kill hydras, but fucking hornets are unbeatable
 12311 | Lair:1   | Reached skill level 9 in Shields
 12409 | Lair:2   | Reached skill level 13 in Unarmed Combat
 12429 | Lair:2   | Gained mutation: You cannot voluntarily change form. [Ru
                  | sacrifice]
 12429 | Lair:2   | Reached ** piety under Ru
 12948 | Lair:3   | HP: 24/133 [death yak[a torpor snail] (9)]
 12949 | Lair:3   | HP: 3/133 [death yak[a torpor snail] (22)]
 13168 | Lair:3   | Reached skill level 9 in Throwing
 13425 | Lair:3   | Reached skill level 5 in Dodging
 13948 | Lair:4   | Reached skill level 6 in Dodging
 14459 | Lair:4   | Found a sparkling altar of Nemelex Xobeh.
 14572 | Lair:5   | Entered Level 5 of the Lair of Beasts
 14640 | Lair:5   | Reached skill level 7 in Dodging
 14662 | Lair:5   | HP: 22/133 [cane toad (20)]
 14663 | Lair:5   | WHAT THE FUCK
 14667 | Lair:5   | HP: 16/133 [poisoned by a cane toad]
 14668 | Lair:5   | HP: 6/133 [rime drake/icy flash freeze (11)]
 14818 | Lair:4   | Reached skill level 10 in Throwing
 14818 | Lair:4   | Reached XP level 14. HP: 140/143 MP: 14/14
 14818 | Lair:4   | oh look
 14818 | Lair:4   | now i can take four at the same time and it's not a problem
 14818 | Lair:4   | but when i'm on an unexplored level everything hits for 20
                  | through all defences
 14818 | Lair:4   | fucking bullshit rng game
 14818 | Lair:4   | why the hell do i even waste my time on this crap
 14818 | Lair:4   | tournament my ass
 14818 | Lair:4   | how autistic do you have to be to play everything properly
                  | at all times
 14818 | Lair:4   | oh i can fuck up this monster easily with losing maybe 20
                  | hp out of 140
 14818 | Lair:4   | oh but look the 20th monster of the same type suddenly
                  | almost kills me
 14818 | Lair:4   | rng lmao!
 14818 | Lair:4   | stupid fucking shit
 14818 | Lair:4   | make the game 5 times shorter and then maybe those stupid
                  | spikes will be acceptable
 14818 | Lair:4   | not when you have to trudge through fucking hundreds of the
                  | trash littered throughout all levels
 14818 | Lair:4   | god fucking damn it why is this game so retarded like that
 14840 | Lair:5   | god fucking damn it
 15004 | Lair:4   | Reached skill level 8 in Dodging
 15240 | Lair:5   | Gained mutation: You cannot study or use magical devices.
                  | [Ru sacrifice]
 15240 | Lair:5   | Reached *** piety under Ru
 15240 | Lair:5   | Reached **** piety under Ru
 15514 | Lair:4   | HP: 28/143 [cane toad (13)]
 15519 | Lair:4   | HP: 25/143 [cane toad (8)]
 15521 | Lair:4   | NO
 15521 | Lair:4   | i will NOT use a healing item
 15521 | Lair:4   | i would rather die than acknowledge this bullshit rng
 15655 | Lair:5   | really?
 15655 | Lair:5   | fuck you
 15655 | Lair:5   | i'm not playing this game anymore
 15655 | Lair:5   | Quit the game

Illustrated notes # #....#># ###..# # ##.#.#.# .D=)!g. #..# #.#.### ...T. #..# ####.#.# ?.F.. #..# #....#.# .g. #..##### #.##.... gg.########....... #.##.#.# #g##.........##### #.##.#.# ####'##########.# #.##.#.### #...@...# #.# .........# #.⌠...⌠.# #.##### ####.###.####....⌠..### #...... #[# #.##.'...⌠...'.## #.##### #.###.#))#..⌠....#†.####.####. ####.....#..#.⌠...⌠.#..#...#..... .......###.†#.......#..####.#.##. ...##..# ##'#########'####....... ##.###[# #...##8##.))#.##..#.##. Turn 7094 on D:8: hm .# ##'#########'####.......##.# # [# #...##8##.))#.##..#.##.##.# # .# ##.gg...'.)##.##....#..>#.# # .# #.#.#8F8#.#.#>........#.#.# # .# #####8g8#####.##....#...#.# # .# #8.8# #.##..#.##.##.# # .# ##'### #†##.......##.# # .# #.#.####)###.#.##.##.# # .# #.....)@).>..#.##.##.# # .# #.#................#.### .# #.#########..#####.#.... .# #.# #.## #.##### .# #.# #.# #.# # .# #.# #.# #.## # .# #.# #.# #..# # .# ##.#########.# ##.# # .########).........#[#######.#### Turn 7144 on D:8: oh but i can !ligni .# #....#.# .... #.. .# #.##.... g..########.. .# #.##.#.# #.##......... .# #.##.#.# ####'##########. [#####.##.#.### #.......# #. ..............# #.⌠...⌠.# #. ..#######.###.####....⌠..### #. #.# #[# #.##.+...c...'.## #. #.# #.###.#)@#..⌠....#†.####. #.#######.....#..#.⌠...⌠.#..#...# #.##........###..#.......#..####. ........##..# ##'#########'####.. #.##.##.###[# #...##8##.))#.##.. #.##.##.# #.# ##..'†..'.)##.##.. #.##.##.# #.# #.#.#8)8#.#.#>.... #.##.##.###.# #####8.8#####†##.. ............# #8.8# #.##.. Turn 7344 on D:8: owww #..# #..# #...... #..# #..... #..# #.9.. #..# #...# #..# #...# #.<# #...# # #††# #...# #...##.@#####...# #.......))......# .................... #################### Turn 7806 on D:9: ouch

..#.#......)..+#.##'.#...........
...................#.............
##.#.............#...#?........#.
..............)..................
..#...>.....#.#..........>.....#.
.##.>..†......+.#.#+.#...........
.~..........#........#...........
~~♣...####..'##....##+.###.#.#...
~~♣♣..####......@......##...##...
.~P♣.............................
~P~♣♣##.#.#.#.##..#.##...........
~~♣♣♣............................
P~~♣♣♣##.........#.#.P#..........
~~P♣♣............................
~~~♣♣#..P#...............#.##....
~~♣♣.............................
~♣~................P.##..........


Turn 12281 on Lair:1: can kill hydras, but fucking hornets are unbeatable ####
###.P.### ####P....... ###........... #...††.#####.l #......# #......# #P.#Y@.#
##..F##### #.J#Y....# ###..YY....# ###...#......## ..#...J#J.......#
.)......Y.##...P## l..........####### ..............##### Turn 14663 on Lair:5:
WHAT THE FUCK .....8...#.......##..##......####
..##..##.....##....^........###.. (....+#..#...........#.....###...
........##........##.##.....###.. ..###.###..........#.......###P..
...##.#.#......#.>.###.....P###.. .......~...........####....####..
.......~~.>....##Y#.........#.P.. ......≈≈~.~.~...@................
.....~~≈≈~~≈≈≈................... .....~≈≈≈≈≈≈≈~~..................
......~≈≈≈≈≈≈≈~.................. .......≈≈≈≈≈~≈...................
..#....~≈~~~~...##..P#......#...# ...##..........##.#..#......#....
...............##...#............ ..#P.....#..........#........P... Turn 14818
on Lair:4: oh look .##### #### ## # ....Y###..###.###..## §...<...............#
......S.§.§.<.......# #....#.Y#..#........## ########.##.#........#
######.......## ###.......# #....@...P# #.........# #..........# ###........#
##........# ........## ##...l.... P.......## Turn 14840 on Lair:5: god fucking
damn it ##.###................# ##.##.#.....#...###.#.##
#...#.......##+.####...# ............P..........# ##..###............+..##
######..<.....#...###..# .##..#..............#.## .......................#
................@.....## ...............§†......# ................†.F....#
................F......# #....##..........).....# ##.#.###.....P...#....##
#######......###..#...# #######......#P..P#...# ##...............##...### Turn
15521 on Lair:4: NO ........P #...††.#####.l #.......# #......# #......##
#......# ###......P# #P.#...# .#.........## ##...##### .........JDk# #..#.....#
...........#####.J......# .......<..####...#......## ####.../...#.@Y.#........#
#......).FF....l##...P## #............FY.####### .................Y...##### ###
.##.........?.(......F.†.###.. ..........?..Y...JJ..Y÷<.....
##............J...........^... ...#......###......##....#.)#.
...#......##!###############.# Turn 15655 on Lair:5: really?

Levels and vault maps discovered:
D:1:      amcnicky_arrival_choice, layout_rooms, ebering_ecumenical_altar_mist
D:2:      layout_rooms
D:3:      layout_basic
D:4:      layout_gridville, mainiacjoe_overflow_six_doors_small, serial_shops,
          nicolae_shop_real_fake_doors, serial_demonic, serial_demonic_f,
          serial_demonic_b, serial_demonic_d, serial_demonic_d,
          nicolae_custom_books
D:5:      wad_river_or_something, layout_basic, lemuel_coloured_pillars_altar,
          minmay_temple_entry_slanted, nicolae_inconvenience_store
D:6:      layout_basic, nicolae_fountain_basement
D:7:      layout_cave_pools, solitary_fountain, serial_park_tiny_pond,
          chequers_serial_rivers_micro_b, uniq_pikel, uniq_maggie,
          uniq_crazy_yiuf_cottage
D:8:      minmay_chambers_of_sevens, layout_loops_ring,
          nemelex_diamond_rough_becter, roderic_st_hans_cross, uniq_maurice,
          uniq_jeremiah
D:9:      layout_long_grid, jmf_multi_god_temple2,
          minmay_orc_entry_temple_small, minmay_hedge_maze,
          eino_house_with_fridge, uniq_grum
D:10:     layout_cave_pools, erik_lair_island, grunt_ogre_cave,
          minmay_misc_feat_nine_boxes, uniq_sonja
D:11:     layout_roguey
Temple:   sentei_temple_godly_chess
Lair:1:   layout_long_grid, serial_bayou_ford_a, minivault_11,
          serial_bayou_shore_a, serial_bayou_shore_b
Lair:2:   cheibrodos_lair_overgrown_chateau, layout_regular_city,
          nicolae_shoals_entry_flooding, hellmonk_spider_entry_not_the_bees,
          nicolae_volcano_entry_s_turn, pdpol_lair_cavern_descent
Lair:3:   layout_concentric_octagons, st_stairs_10, cheibrodos_lair_lostbears
Lair:4:   layout_regular_city, basic_altar, lemuel_fruit_tree,
          grunt_megastairs_4, infiniplex_staircase_pool
Lair:5:   hangedman_lair_in_review, layout_big_grid, wormcave,
          minmay_slime_entry_jelly_boxes, ebering_ghost_reflecting_pool

Skill      XL: |  1  2  3  4  5  6  7  8  9 10 11 12 13 14 |
---------------+-------------------------------------------+-----
Unarmed Combat | 1 2 3 4 5 7 9 10 11 12 13 | 13.3
Fighting       | 1 2 3 5 7 8 9 10 | 10.1
Dodging        | 2 4 7 8 |  8.8
Throwing       | 1 5 7 8 10 | 10.0
Hexes          | 0 |  0.0
Shields        | 5 8 9 |  9.6
Short Blades   | |  0.7
Stealth        | |  1.5
Spellcasting   | |  1.2

Action                     |  1- 3 |  4- 6 |  7- 9 | 10-12 | 13-15 || total
---------------------------+-------+-------+-------+-------+-------++-------
  Melee: Dagger            |   124 |       |       |       |       ||   124
         Punch             |     4 |     5 |     9 |    35 |       ||    53
         Short sword       |   107 |   160 |       |       |       ||   267
         Unarmed           |       |   148 |   242 |   746 |   517 ||  1653
  Throw: Boomerang         |     1 |     1 |     2 |    24 |    32 ||    60
 Invoke: Sacrifice Purity  |       |       |     1 |       |       ||     1
         Sacrifice Arcana  |       |       |       |     1 |       ||     1
         Reject Sacrifices |       |       |       |     1 |       ||     1
         Sacrifice Forms   |       |       |       |       |     1 ||     1
         Power Leap        |       |       |       |       |     1 ||     1
         Sacrifice Artific |       |       |       |       |     1 ||     1
  Evoke: Wand              |       |       |     5 |     4 |     3 ||    12
    Use: Scroll            |       |     3 |     8 |     5 |     8 ||    24
         Potion            |       |     1 |     1 |     3 |     9 ||    14
   Stab: Sleeping          |     2 |     2 |     2 |       |     1 ||     7
         Paralysed         |       |       |     5 |     2 |       ||     7
         Distracted        |       |       |       |     1 |     1 ||     2
         Invisible         |       |       |       |       |     4 ||     4
 Armour: Robe              |   133 |   191 |    91 |       |       ||   415
         Acid dragon scale |       |       |    92 |   508 |   378 ||   978
         Skin              |       |       |       |    58 |       ||    58
  Dodge: Dodged            |    84 |   102 |   111 |   334 |   201 ||   832
  Block: Kite shield       |       |       |       |   108 |   320 ||   428
